 Dungeon Crawl Stone Soup version 0.31-a0-303-gdc8c9485ea (webtiles) character file.

Game seed: 8597474448157766583

503543 quinnr the Meteorologist (level 24, -5/156 HPs)
             Began as a Tengu Air Elementalist on July 16, 2023.
             Was the Champion of Vehumet.
             Constricted to death by a tentacled monstrosity (7 damage)
             ... on level 5 of the Vaults.
             The game lasted 03:37:14 (87631 turns).

quinnr the Meteorologist (Tengu Air Elementalist)  Turns: 87631, Time: 03:37:15

Health: -5/156     AC:  8    Str: 14      XL:     24   Next: 96%
Magic:  14/56      EV: 32    Int: 32 (34) God:    Vehumet [******]
Gold:   6043       SH:  7    Dex: 28      Spells: 7/62 levels left

rFire   + . .        e - staff of air {!a}
rCold   + + +        s - +0 buckler "Zaxecaqi" {Int+3 Dex+5 SInv}
rNeg    + . .        l - +0 robe "Icyon" {Will+++ rCorr MP+9 Slay-4}
rPois   +            Z - +0 hat of Liurghaink {rElec Str+2 Dex+6}
rElec   +            b - +2 cloak of Quantum Leap {rN+ Will+ Str+2 Dex+3}
rCorr   +            P - +2 pair of gloves {hurl}
SInv    +            (boots unavailable)
Will    +++++        a - amulet of Yendor {Acrobat rF+}
Stlth   +++++        f - ring of Ypsaeno {rPois rC+++ Str-3 Dex-5 SInv}
HPRegen 0.46/turn    K - ring "Luaron" {rC+ Str+3 Int+6 Dex+3 Slay-3}
MPRegen 0.35/turn

%: acrobat
@: flying quickly and evasively, constricted, studying Transmutations, quick
A: beak, talons 3, nimble flight, deterioration 1
}: 3/15 runes: serpentine, barnacled, slimy
a: Renounce Religion


You were on level 5 of the Vaults.
You worshipped Vehumet.
Vehumet was exalted by your worship.
You visited 9 branches of the dungeon, and saw 45 of its levels.
You visited 1 bazaar.
You also visited: Sewer, Bailey, Ice Cave and Wizlab.

You collected 10279 gold pieces.
You spent 4236 gold pieces at shops.


Innate Abilities, Weirdness & Mutations

You have a beak for a mouth.
You have claws for feet.
Your magical nature lets you fly swiftly and evasively.
Your body sometimes deteriorates upon taking damage.


   Skills:
 - Level 17.0 Fighting
 - Level 2.1 Staves
 - Level 3.0 Throwing
 - Level 2.0 Armour
 - Level 17.0 Dodging
 - Level 9.0 Stealth
 - Level 4.0 Shields
 + Level 19.7 Spellcasting
 - Level 20.0 Conjurations
 - Level 6.0 Summonings
 - Level 9.0 Fire Magic
 - Level 6.0 Ice Magic
 O Level 27 Air Magic
 - Level 5.0 Poison Magic
 - Level 11.0 Evocations


You had 7 spell levels left.
You knew the following spells:

 Your Spells              Type           Power      Damage    Failure   Level
a - Airstrike             Air            70%        2d(11-27) 0%          4
c - Chain Lightning       Conj/Air       67%        3d89      2%          9
d - Orb of Destruction    Conj           51%        9d13      1%          7
f - Freezing Cloud        Conj/Ice/Air   60%        6-21      1%          5
i - Swiftness             Air            100%       N/A       0%          3
l - Summon Lightning Spi  Summ/Air       100%       N/A       0%          4
m - Mephitic Cloud        Conj/Pois/Air  100%       N/A       0%          3
p - Maxwell's Capacitive  Air            70%        ∞         1%          8
X - Plasma Beam           Fire/Air       60%        2x1d76    1%          6
Y - Conjure Ball Lightni  Conj/Air       67%        3x3d25    0%          6

Your spell library contained the following spells:

 Spells                   Type           Power      Damage    Failure   Level
 Foxfire                  Conj/Fire      100%       2x1d9     0%          1
 Shock                    Conj/Air       100%       1d9       0%          1
 Poisonous Vapours        Pois/Air       100%       N/A       0%          2
 Static Discharge         Conj/Air       100%       2-7/arc   0%          2
 Hailstorm                Conj/Ice       86%        3d17      0%          3
 Arcjolt                  Conj/Air       67%        1d77      0%          5
 Apportation              Tloc           62%        N/A       1%          1
 Freeze                   Ice            100%       1d10      1%          1
 Sandblast                Erth           62%        2d14      1%          1
 Slow                     Hex            100%       N/A       1%          1
 Scorch                   Fire           100%       2d9       1%          2
 Call Canine Familiar     Summ           63%        N/A       1%          3
 Frozen Ramparts          Ice            100%       1d16      1%          3
 Ignite Poison            Fire/Tmut/Pois 57%        N/A       1%          3
 Inner Flame              Hex/Fire       57%        N/A       1%          3
 Ozocubu's Armour         Ice            63%        N/A       1%          3
 Stone Arrow              Conj/Erth      100%       3d13      1%          3
 Vhi's Electric Charge    Tloc/Air       100%       N/A       1%          3
 Volatile Blastmotes      Fire/Tloc      100%       2d18      1%          3
 Flame Wave               Conj/Fire      90%        2d19      1%          4
 Sticky Flame             Conj/Fire      90%        2d10      1%          4
 Fireball                 Conj/Fire      45%        3d18      1%          5
 Irradiate                Conj/Tmut      38%        3d24      1%          5
 Leda's Unmaking          Conj/Erth      38%        9d7       1%          6
 Starburst                Conj/Fire      45%        6d13      1%          6
 Blink                    Tloc           62%        N/A       2%          2
 Lesser Beckoning         Tloc           62%        N/A       2%          2
 Passwall                 Tmut/Erth      25%        N/A       2%          2
 Sublimation of Blood     Necr           31%        N/A       2%          2
 Confusing Touch          Hex            31%        N/A       4%          3
 Gell's Gravitas          Tloc           31%        N/A       4%          3
 Portal Projectile        Hex/Tloc       62%        N/A       4%          3
 Teleport Other           Tloc           31%        N/A       4%          3
 Vampiric Draining        Necr           31%        2d8       4%          3
 Lee's Rapid Deconstruct  Erth           15%        3d10*     11%         5
 Yara's Violent Unravell  Hex/Tmut       15%        3d8       11%         5
 Metabolic Englaciation   Hex/Ice        25%        N/A       12%         5
 Leda's Liquefaction      Hex/Erth       15%        N/A       14%         4
 Manifold Assault         Tloc           31%        N/A       14%         4
 Petrify                  Tmut/Erth      31%        N/A       14%         4
 Alistair's Intoxication  Tmut/Pois      31%        N/A       14%         5
 Summon Cactus Giant      Summ           31%        N/A       19%         6
 Ozocubu's Refrigeration  Ice            31%        4d14      26%         7
 Simulacrum               Ice/Necr       25%        N/A       54%         6
 Dispersal                Tloc           15%        N/A       92%         6
 Enfeeble                 Hex            15%        N/A       100%        7
 Ignition                 Fire           36%        3d11      50%         8
 Fire Storm               Conj/Fire      45%        8d11      65%         9
 Discord                  Hex            15%        N/A       100%        8
 Disjunction              Tloc           15%        N/A       100%        8
 Polar Vortex             Ice            31%        12d4*     100%        9
 Shatter                  Erth           15%        3d15*     100%        9

Inventory:

Hand Weapons
 h - the +11 whip "Fomn" {flame, rF++ MP-9 SInv Stlth+}
   (You found it on level 5 of the Pits of Slime)

   rF:        It greatly protects you from fire.
   MP:        It affects your magic capacity (-9).
   SInv:      It lets you see invisible.
   Stlth:     It makes you more stealthy.
 F - the +7 great mace "Firestarter" {flame, immolate, rFlCloud rF++}
   (You took it off an orc knight in a bailey)

   rFlCloud:  It grants immunity to clouds of flame.
   rF:        It greatly protects you from fire.
 V - the +3 dagger "Uptio" {flame, rElec rF+}
   (You found it on level 11 of the Dungeon)

   rF:        It protects you from fire.
   rElec:     It insulates you from electricity.
Missiles
 o - 4 throwing nets {=f}
 E - 4 datura-tipped darts
Armour
 b - the +2 cloak of Quantum Leap (worn) {rN+ Will+ Str+2 Dex+3}
   (You bought it in a shop in a bazaar)

   Str:       It affects your strength (+2).
   Dex:       It affects your dexterity (+3).
   rN:        It protects you from negative energy.
   Will:      It increases your willpower.
 l - the +0 robe "Icyon" (worn) {Will+++ rCorr MP+9 Slay-4}
   (You bought it in a shop on level 3 of the Dungeon)

   Slay:      It affects your accuracy & damage with ranged weapons and melee
   (-4).
   MP:        It affects your magic capacity (+9).
   rCorr:     It protects you from acid and corrosion.
   Will:      It greatly increases your willpower.
 s - the +0 buckler "Zaxecaqi" (worn) {Int+3 Dex+5 SInv}
   (You acquired it in a wizard's laboratory)

   Int:       It affects your intelligence (+3).
   Dex:       It affects your dexterity (+5).
   SInv:      It lets you see invisible.
 P - a +2 pair of gloves of hurling (worn)
 W - a +2 robe of resistance
 Z - the +0 hat of Liurghaink (worn) {rElec Str+2 Dex+6}
   (You acquired it on level 1 of the Shoals)

   Str:       It affects your strength (+2).
   Dex:       It affects your dexterity (+6).
   rElec:     It insulates you from electricity.
Magical Staves
 e - a staff of air (weapon) {!a}
 p - a staff of poison {!a}
 I - the staff of Wrongful Imprisonment {rC+ rN+ Stlth+ Ice, !a}
   (You found it in a wizard's laboratory)

   [staff of cold]

   Base accuracy: +5 Base damage: 5 Base attack delay: 1.2 This weapon's minimum
   attack delay (0.6) is reached at skill level 12.
   rC:        It protects you from cold.
   rN:        It protects you from negative energy.
   Ice:       It increases the power of your Ice spells.
   Stlth:     It makes you more stealthy.
   It falls into the 'Staves' category.
   It is a one-handed weapon.
 Q - a staff of conjuration {!a}
Jewellery
 a - the amulet of Yendor (around neck) {Acrobat rF+}
   (You found it on level 5 of the Lair of Beasts)

   [amulet of the acrobat]

   It increases your evasion while moving and waiting.
   rF:        It protects you from fire.
 f - the ring of Ypsaeno (left hand) {rPois rC+++ Str-3 Dex-5 SInv}
   (You found it in an ice cave)

   [ring of see invisible]

   Str:       It affects your strength (-3).
   Dex:       It affects your dexterity (-5).
   rC:        It renders you almost immune to cold.
   rPois:     It protects you from poison.
   SInv:      It lets you see invisible.
 v - the amulet "Hoirr" {Spirit Int+5}
   (You found it in an ice cave)

   [amulet of guardian spirit]

   It causes incoming damage to be divided between your reserves of health and
   magic.
   Int:       It affects your intelligence (+5).
 C - the ring "Wout Gubbu" {Ice Str+2 SInv}
   (You took it off Josephina on level 4 of the Depths)

   [ring of ice]

   It enhances your ice magic.
   Str:       It affects your strength (+2).
   rF:        It makes you vulnerable to fire.
   rC:        It protects you from cold.
   SInv:      It lets you see invisible.
 K - the ring "Luaron" (right hand) {rC+ Str+3 Int+6 Dex+3 Slay-3}
   (You took it off a centaur warrior on level 8 of the Dungeon)

   [ring of intelligence]

   Str:       It affects your strength (+3).
   Int:       It affects your intelligence (+6).
   Dex:       It affects your dexterity (+3).
   Slay:      It affects your accuracy & damage with ranged weapons and melee
   (-3).
   rC:        It protects you from cold.
 M - a ring of magical power
 N - a ring of positive energy
 R - an amulet of regeneration
Wands
 i - a wand of charming (45)
 q - a wand of polymorph (8)
 t - a wand of flame (98)
 x - a wand of iceblast (15)
 J - a wand of quicksilver (26)
 L - a wand of mindburst (29)
Scrolls
 r - 8 scrolls of fog
 y - 21 scrolls of teleportation {@r2}
 B - 11 scrolls of poison
 H - 8 scrolls of enchant armour
 S - 7 scrolls of fear
 T - 12 scrolls of revelation
 U - 6 scrolls of blinking
 Y - 8 scrolls of immolation
Potions
 c - 4 potions of mutation
 d - 3 potions of invisibility
 g - 8 potions of brilliance
 j - 7 potions of cancellation
 k - 4 potions of magic
 m - 16 potions of curing {@q1}
 n - 6 potions of haste {@q3}
 u - 9 potions of might
 w - 10 potions of enlightenment
 z - 2 potions of ambrosia
 A - 8 potions of heal wounds {@q2}
 O - 6 potions of resistance
Miscellaneous
 D - a sack of spiders (inert)
 G - a phantom mirror (inert)
 X - a phial of floods (inert)

Dungeon Overview and Level Annotations

Branches:
Dungeon (15/15)            Temple (1/1) D:5            Lair (5/5) D:8
 Shoals (4/4) Lair:2        Snake (4/4) Lair:2        Slime (5/5) Lair:5
    Orc (2/2) D:9             Elf (0/3) Orc:2        Vaults (5/5) D:14
  Crypt (0/3) Vaults:3     Depths (4/4) D:15            Zot (0/5) Depths:4
  Sewer (visited)          Bailey (visited)           IceCv (visited)
 WizLab (visited)

Altars:
Ashenzari
Cheibriados
Dithmenos
Elyvilon
Fedhas
Gozag
Hepliaklqana
Kikubaaqudgha
Makhleb
Nemelex Xobeh
Okawaru
Qazlal
Ru
Sif Muna
Trog
Uskayaw
Vehumet
Wu Jian
Xom
Yredelemnul
Zin
The Shining One
Jiyva

Shops:
D:3 [*(   D:5 ?   D:7 !   D:10 [   Orc:1 (   Orc:2 ?[*   Vaults:1 [
Vaults:4 ?[*?   Depths:1 =:=   Depths:3 ([((*   Depths:4 *

Portals:
Hell: Depths:1 Depths:2 Depths:3 Depths:4
Abyss: Depths:2 Depths:3 Depths:4
Pandemonium: Depths:1 Depths:2
Ziggurat: Depths:3

Annotations:
D:10 exclusion: downstairs
Vaults:4 exclusion: 3 downstairs

░....░ ░░░..░....░ .
░....░....░ ....
....░..[.░ ..)
░░..░L...░..░░░
░░░...░)~).░.....
.....~....)......
░░░░░░░░░░░░....)...░░░░
.......@X.)...).........
........8...............
░░░░░░░░░░░░░░░░░░░░░░░░


You could see a tentacled monstrosity and a friendly lightning spire (summoned).


Message History

Press: ? - help, Dir - look around, f - activate You feel a surge of power!
The bolt of lightning hits the tentacled monstrosity.
The tentacled monstrosity resists.
The tentacled monstrosity is severely wounded.
The bolt of lightning hits the titan.
The titan completely resists.
The titan is almost dead.
The bolt of lightning hits the yaktaur captain!!!
The yaktaur captain is heavily wounded.
The fiery plasma hits the tentacled monstrosity!!
The tentacled monstrosity resists.
The tentacled monstrosity is almost dead.
The fiery plasma hits the titan!!!
You kill the titan!
Vehumet accepts your kill.
You feel your power returning.
The fiery plasma hits the yaktaur captain!!
The yaktaur captain is almost dead.
You hear a shout!
You hear a deafening roar!
Your lightning spire shoots out a bolt of lightning at the yaktaur captain!
The bolt of electricity hits the yaktaur captain!!
The yaktaur captain dies!
Vehumet accepts your kill. The tentacled monstrosity misses you.
The tentacled monstrosity tentacle-slaps you.
* * * LOW HITPOINT WARNING * * *
The tentacled monstrosity tentacle-slaps you.
* * * LOW HITPOINT WARNING * * *
The tentacled monstrosity constricts you!
You die...

Skill      XL: |  1  2  3  4  5  6  7  8  9 10 11 12 13 14 15 16 17 18 19 20 21 22 23 24 |
---------------+-------------------------------------------------------------------------+-----
Spellcasting   | 3 4 5 6 7 9 13 14 15 16 18 19 | 19.7
Fighting       | 1 2 3 4 5 8 10 13 16 17 | 17.0
Dodging        | 3 7 9 12 14 15 16 17 | 17.0
Stealth        | 3 6 9 |  9.0
Conjurations   | 2 3 4 5 6 9 14 16 18 20 | 20.0
Air Magic      | 5 6 8 9 13 15 18 21 22 24 25 27 | 27.0
Shields        | 1 4 |  4.0
Armour         | 2 |  2.0
Evocations     | 2 6 7 11 | 11.0
Poison Magic   | 3 5 |  5.0
Summonings     | 6 |  6.0
Throwing       | 3 |  3.0
Ice Magic      | 3 6 |  6.0
Fire Magic     | 4 9 |  9.0
Staves         | 2 |  2.1

Action                     |  1- 3 |  4- 6 |  7- 9 | 10-12 | 13-15 | 16-18 | 19-21 | 22-24 || total
---------------------------+-------+-------+-------+-------+-------+-------+-------+-------++-------
  Melee: Unarmed           |       |    10 |       |       |       |       |       |       ||    10
         Peck              |       |     1 |     1 |       |    20 |     6 |     2 |     5 ||    35
         Kick              |       |     3 |     3 |       |    29 |     7 |     2 |     6 ||    50
         Dagger            |       |       |    13 |     2 |    61 |     4 |       |       ||    80
         Punch             |       |       |     1 |       |       |       |       |       ||     1
         Staff             |       |       |       |       |       |     7 |     8 |    14 ||    29
         Whip              |       |       |       |       |       |       |       |     1 ||     1
   Cast: Shock             |    75 |   122 |   153 |    59 |    19 |     8 |       |       ||   436
         Static Discharge  |       |     9 |    17 |    52 |    25 |    38 |    10 |       ||   151
         Airstrike         |       |       |    47 |   202 |   531 |   474 |   139 |    64 ||  1457
         Poisonous Vapours |       |       |       |   135 |    21 |    39 |       |       ||   195
         Summon Lightning  |       |       |       |     9 |    57 |    29 |    42 |    28 ||   165
         Swiftness         |       |       |       |     8 |    12 |    11 |    15 |    12 ||    58
         Mephitic Cloud    |       |       |       |     3 |    20 |     7 |       |     5 ||    35
         Freezing Cloud    |       |       |       |       |    81 |    85 |    45 |    35 ||   246
         Plasma Beam       |       |       |       |       |       |   222 |   433 |   347 ||  1002
         Orb of Destructio |       |       |       |       |       |    11 |    18 |    13 ||    42
         Conjure Ball Ligh |       |       |       |       |       |    16 |    12 |    11 ||    39
         Chain Lightning   |       |       |       |       |       |       |    50 |   126 ||   176
Ability: Begin Untransform |       |       |       |       |     1 |       |       |       ||     1
  Evoke: Wand              |       |       |       |       |     2 |    18 |     2 |    33 ||    55
         Phantom mirror    |       |       |       |       |     1 |     3 |       |     4 ||     8
         Phial of floods   |       |       |       |       |       |       |       |     2 ||     2
    Use: Scroll            |       |       |     8 |     6 |    13 |    12 |     6 |    12 ||    57
         Potion            |       |       |       |     1 |     3 |     3 |     3 |     3 ||    13
   Stab: Sleeping          |       |       |       |       |     1 |     1 |       |       ||     2
         Confused          |       |       |       |       |     2 |       |       |       ||     2
 Armour: Robe              |     1 |    10 |     4 |    18 |    25 |    19 |    10 |    11 ||    98
  Dodge: Dodged            |     6 |    63 |    44 |    73 |   202 |   410 |   143 |   242 ||  1183
  Block: Buckler           |       |       |     7 |    26 |    48 |   122 |    24 |    50 ||   277
   Form: Beast             |       |       |       |       |     1 |       |       |       ||     1

Levels and vault maps discovered:
D:1:      heliophobic_arrival_dark_side_of_the_moon, layout_basic,
          glass_columns_c
D:2:      layout_rooms, kennysheep_donut, minmay_fractal_squares_5
D:3:      layout_basic, serial_shops, shop, shop, shop,
          cheibrodos_sewer_entry_bend, cheibrodos_gnoll_hut, uniq_natasha,
          uniq_grinder
D:4:      layout_loops_cross, lemuel_doored_altar, nzn_random_ring
D:5:      layout_basic, kennysheep_slug_shrine, minmay_temple_entry_offerings,
          serial_curves, eino_curves_04, eino_curves_01, serial_shops,
          nicolae_take_the_stairs, kennysheep_generic_room_12
D:6:      layout_layer_cave, mainiacjoe_overflow_brackets,
          nicolae_overflow_hidden_temple, serial_rivers,
          chequers_serial_rivers_micro_c, chequers_serial_rivers_micro_a,
          chequers_serial_rivers_small_b, chequers_serial_rivers_micro_e,
          chequers_serial_rivers_micro_a, chequers_serial_rivers_micro_b,
          uniq_duvessa, uniq_menkaure
D:7:      layout_cave_pods, enter_bailey_4, serial_shops, shop,
          gammafunk_ghost_grave, uniq_prince_ribbit1
D:8:      minmay_the_grid_triangle_9x9_rhombus_full
          [minmay_the_grid_triangle_9x9_zippers_vertical,
          minmay_the_grid_triangle_9x9_stretched_checkered,
          minmay_the_grid_triangle_9x9_intruding_spiral,
          minmay_the_grid_triangle_9x9_impossible_snake,
          minmay_the_grid_triangle_9x9_pentomino_pain,
          minmay_the_grid_triangle_9x9_steps,
          minmay_the_grid_triangle_9x9_alien,
          minmay_the_grid_triangle_9x9_prize_top_heavy], layout_loops_ring,
          kennysheep_mini_moat, mainiacjoe_overflow_paths, dpeg_lair_monsters
D:9:      layout_long_grid, orc_david_3, dreamdust_wishing_well, uniq_maggie
D:10:     layout_small_grid, tgw_kikubaaqudgha, mainiacjoe_overflow_catwalk,
          gammafunk_ghost_stat_death, serial_shops, shop,
          kennysheep_opposing_triangles
D:11:     layout_gridville, minmay_misc_feat_hallway, kennysheep_generic_room_5,
          uniq_grum
D:12:     layout_loops_ring, uniq_urug
D:13:     layout_basic
D:14:     layout_cave_pools, grunt_vaults_entry_tiered, minmay_misc_feat_square,
          fedhas_ov_isle_minmay
D:15:     hangedman_depths_entry_try_elsewhere_first, layout_long_grid,
          nicolae_twisting_strands, chequers_serial_rivers_micro_a,
          eino_house_with_fridge
Temple:   nicolae_temple_two_arcs
Lair:1:   layout_regular_city, beast_lair_carwin_3, serial_bayou_shore_a,
          uniq_joseph
Lair:2:   beast_lair_carwin_large_1, layout_gridlike,
          minmay_shoals_entry_lonely_mermaid, nicolae_snake_entry_warm_welcome,
          chequers_serial_rivers_micro_c, lemuel_fruit_tree
Lair:3:   layout_regular_city, grunt_megastairs_5, uniq_gastronok
Lair:4:   layout_regular_city
Lair:5:   cheibrodos_lair_end_hotspot, layout_regular_city,
          minmay_slime_entry_pillars, serial_bayou, serial_bayou_pond_c,
          serial_bayou_pond_d, serial_bayou_lake_a, hangedman_lair_generics_rect
Shoals:1: layout_shoals, ebering_ghost_xom, nicolae_shoals_raging_river,
          uniq_kirke
Shoals:2: layout_shoals
Shoals:3: layout_shoals, uniq_polyphemus
Shoals:4: shoals_end_grunt_ice, layout_shoals, shoals_ilsuiw_alternative,
          gammafunk_ghost_tricky_traps
Snake:1:  layout_grid_maze, gammafunk_ghost_grave, uniq_asterion
Snake:2:  layout_basic, nrook_guardian_serpent_double
Snake:3:  layout_grid_maze
Snake:4:  snake_pit, layout_misc_corridors, portal_ice_cave_entry_pillars_2,
          uniq_vashnia
Slime:1:  layout_caves
Slime:2:  layout_caves
Slime:3:  layout_caves
Slime:4:  layout_caves
Slime:5:  slime_pit_nicolae_inversion
Orc:1:    layout_diamond_mine, serial_shops, shop, uniq_nergalle
Orc:2:    st_orc_pillars, layout_caves, kennysheep_orc_chapel, uniq_jorgrun,
          uniq_rupert, uniq_saint_roka, uniq_erolcha
Vaults:1: nicolae_vaults_twisting_passages, vaults_room_octagon,
          vaults_room_octagon, nicolae_vaults_door_testing_chamber,
          nicolae_vaults_closet_pinwheel_2, nicolae_vaults_tetromino_L_1,
          nicolae_vaults_surprise_closet, dpeg_vaults_monster_box,
          nicolae_vaults_apartment_1, layout_vaults_chaotic_city, serial_shops,
          nicolae_shop_dealshenge
Vaults:2: grunt_vaults_twisty, nicolae_vaults_double_plus_2,
          nicolae_vaults_diamond_1, nicolae_vaults_wrenched,
          nicolae_vaults_theta, nicolae_vaults_sealed_display,
          nicolae_vaults_two_Ls, nicolae_vaults_storage_room_statues,
          layout_vaults_omnigrid, serial_shops, statue_bzr, uniq_sojobo
Vaults:3: hangedman_vaults_nodes, nicolae_vaults_big_ls,
          nicolae_vaults_network_s, v_misc_1, ontoclasm_vaults_tryst,
          nicolae_vaults_steering_wheel, nicolae_vaults_network_square,
          vaults_dpeg_emergency_exit, nicolae_vaults_little_ls,
          ontoclasm_vaults_pinch, minmay_crypt_entry_simple_corners,
          nicolae_vaults_little_squares_6, nicolae_vaults_tetromino_L_2,
          layout_vaults_ring
Vaults:4: hangedman_vaults_unwind, nicolae_vaults_shrinking_rooms_2,
          nicolae_vaults_security_offices_2, v_misc_13,
          nicolae_vaults_network_quinsquares
          [nicolae_vaults_network_quincunx_subvault,
          nicolae_vaults_network_quincunx_subvault,
          nicolae_vaults_network_quincunx_subvault,
          nicolae_vaults_network_quincunx_subvault], vaults_room_hallway,
          vaults_room_hallway, nicolae_vaults_stepped_doors,
          nicolae_vaults_storage_closets_2, nicolae_vaults_house_1,
          layout_vaults_omnicross, serial_shops, nicolae_shop_real_fake_doors,
          nicolae_shop_tiny_real_fake_doors, nicolae_shop_just_a_little_nook,
          shop_fountains, uniq_margery
Vaults:5
Depths:1: layout_gridlike, hellmouth_3, rand_demon_pan_entry_3,
          nicolae_twisty_statue_hallways, mu_enter_wizlab_7, minmay_orc_keep,
          minmay_shop_grove
Depths:2: minmay_outward_triangles, layout_gridlike, hellmouth_1,
          grunt_decor_cap, grunt_pan_entry_zigzag, abyss_entry,
          minmay_staircase_statues_hall_large, grunt_megastairs_3
Depths:3: kennysheep_gozag_temple, layout_honeycomb, enter_ziggurat_c,
          minmay_staircase_statues_hall_small, hell_entry, abyss_entry,
          argonaut_fire_from_heaven, minmay_shoptagon, uniq_frederick
Depths:4: grunt_twist_and_shout, layout_basic, grunt_mini_vestibule,
          abyss_entry, minmay_misc_feat_encased, guppyfry_shop_venom,
          uniq_josephina

Notes
Turn   | Place    | Note
-------+----------+-------------------------------------------
     0 | D:1      | quinnr the Tengu Air Elementalist began the quest for the
                  | Orb.
     0 | D:1      | Reached XP level 1. HP: 10/10 MP: 4/4
   343 | D:1      | Reached XP level 2. HP: 15/15 MP: 0/6
  1059 | D:2      | Reached skill level 3 in Spellcasting
  1205 | D:2      | Reached XP level 3. HP: 9/20 MP: 4/8
  1423 | D:2      | Reached skill level 1 in Fighting
  1923 | D:3      | Reached XP level 4. HP: 25/25 MP: 3/9
  2121 | D:3      | Found Gumuwk's General Store.
  2159 | D:3      | Reached skill level 3 in Dodging
  2159 | D:3      | Reached skill level 3 in Stealth
  2250 | D:3      | Reached skill level 2 in Fighting
  2250 | D:3      | Gained mutation: Your magical nature lets you fly swiftly
                  | and evasively. [Tengu growth]
  2250 | D:3      | Reached XP level 5. HP: 15/31 MP: 2/10
  2251 | D:3      | Reached skill level 3 in Fighting
  2375 | D:3      | Found a glowing drain.
  2384 | Sewer    | Entered a sewer
  2437 | Sewer    | Learned a level 2 spell: Static Discharge
  2479 | Sewer    | Noticed Pargi
  2510 | Sewer    | Killed Pargi
  2511 | Sewer    | Reached skill level 2 in Conjurations
  2511 | Sewer    | Reached skill level 5 in Air Magic
  2511 | Sewer    | Reached XP level 6. HP: 27/37 MP: 0/11
  2815 | D:3      | Found Beymu's Antique Armour Shop.
  2819 | D:3      | Bought an opalescent robe for 159 gold pieces
  2819 | D:3      | Identified the +0 robe "Icyon" {Will+++ rCorr MP+9 Slay-4}
                  | (You bought it in a shop on level 3 of the Dungeon)
  2885 | D:3      | Found Etilaum's Antique Weapon Shoppe.
  3260 | D:4      | Found a shimmering blue altar of Sif Muna.
  3623 | D:4      | Reached skill level 3 in Conjurations
  3827 | D:4      | Reached skill level 4 in Spellcasting
  3827 | D:4      | Reached skill level 6 in Air Magic
  3827 | D:4      | Reached XP level 7. HP: 27/41 MP: 14/14
  4166 | D:4      | Reached skill level 7 in Air Magic
  4401 | D:5      | Entered Level 5 of the Dungeon
  4539 | D:5      | Reached skill level 8 in Air Magic
  4754 | D:5      | Found a staircase to the Ecumenical Temple.
  4827 | Temple   | Entered the Ecumenical Temple
  4842 | Temple   | Became a worshipper of Vehumet
  4967 | D:5      | Found a snail-covered altar of Cheibriados.
  4998 | D:5      | Reached skill level 1 in Shields
  4998 | D:5      | Reached XP level 8. HP: 15/46 MP: 15/15
  5369 | D:5      | Reached skill level 2 in Shields
  5369 | D:5      | Reached skill level 9 in Air Magic
  5510 | D:5      | Found Zomuw's Magic Scroll Shoppe.
  5517 | D:5      | Reached skill level 3 in Shields
  5798 | D:6      | Found a glowing golden altar of the Shining One.
  5824 | D:6      | Reached skill level 4 in Shields
  5860 | D:6      | Noticed Duvessa
  5867 | D:6      | Noticed Dowan
  5895 | D:5      | Learned a level 4 spell: Airstrike
  5976 | D:5      | Reached skill level 1 in Armour
  6287 | D:6      | Killed Duvessa
  6288 | D:6      | Reached skill level 2 in Armour
  6288 | D:6      | Reached skill level 4 in Conjurations
  6289 | D:6      | Killed Dowan
  6290 | D:6      | Reached skill level 4 in Fighting
  6427 | D:6      | Found an iron altar of Okawaru.
  6597 | D:6      | Reached XP level 9. HP: 52/52 MP: 16/16
  6598 | D:6      | Noticed Menkaure
  6600 | D:6      | Killed Menkaure
  6601 | D:6      | Reached skill level 5 in Conjurations
  6601 | D:6      | Reached skill level 10 in Air Magic
  7257 | D:6      | Reached * piety under Vehumet
  7257 | D:6      | Offered knowledge of Freeze by Vehumet.
  7258 | D:6      | Reached skill level 11 in Air Magic
  7648 | D:7      | Found a flagged portal.
  7715 | Bailey   | Entered a bailey
  7902 | Bailey   | Reached skill level 12 in Air Magic
  8148 | Bailey   | Noticed an orc knight
  8163 | Bailey   | Killed an orc knight
  8164 | Bailey   | Reached skill level 13 in Air Magic
  8165 | Bailey   | Reached skill level 5 in Spellcasting
  8173 | Bailey   | Reached skill level 1 in Evocations
  8270 | Bailey   | Offered knowledge of Poisonous Vapours by Vehumet.
  8271 | Bailey   | Reached skill level 2 in Evocations
  8271 | Bailey   | Reached XP level 10. HP: 56/56 MP: 18/18
  8274 | Bailey   | Learned a level 2 spell: Poisonous Vapours
  8345 | Bailey   | Found an iron altar of Okawaru.
  8404 | D:7      | Found a runed translucent door.
  8404 | D:7      | Noticed shakesphere1979's ghost (novice TrGl)
  8433 | D:7      | Noticed Prince Ribbit
  8439 | D:7      | Killed Prince Ribbit
  8439 | D:7      | Reached ** piety under Vehumet
  8440 | D:7      | Reached skill level 1 in Poison Magic
  8440 | D:7      | Reached skill level 3 in Evocations
  8489 | D:7      | Reached skill level 2 in Poison Magic
  8493 | D:7      | Reached skill level 4 in Evocations
  8615 | D:7      | Reached skill level 3 in Poison Magic
  9012 | D:7      | Reached skill level 4 in Stealth
  9094 | D:7      | Found Roella's Distillery.
  9996 | D:9      | Noticed Maggie
 10173 | D:9      | Killed Maggie
 10174 | D:9      | Reached skill level 5 in Stealth
 10174 | D:9      | Reached skill level 6 in Spellcasting
 10208 | D:8      | Noticed a green ugly thing
 10210 | D:9      | Noticed a deep elf pyromancer
 10252 | D:8      | Found a burning altar of Makhleb.
 10383 | D:8      | Learned a level 3 spell: Swiftness
 10428 | D:8      | Found a staircase to the Lair.
 10428 | D:8      | Noticed a death yak
 10429 | D:8      | Noticed a death yak
 10429 | D:8      | Noticed a death yak
 10735 | D:8      | Reached skill level 5 in Evocations
 10737 | D:8      | Offered knowledge of Inner Flame by Vehumet.
 10950 | D:8      | Reached skill level 6 in Stealth
 10952 | D:8      | Reached skill level 6 in Evocations
 10953 | D:8      | Reached XP level 11. HP: 17/61 MP: 21/21
 11182 | D:8      | Found a shadowy altar of Dithmenos.
 11200 | D:8      | Killed a green ugly thing
 11201 | D:8      | Reached skill level 7 in Evocations
 11530 | D:8      | Noticed a death yak
 11531 | D:8      | Noticed a death yak
 11531 | D:8      | Noticed a death yak
 11553 | D:8      | Noticed a death yak
 11569 | D:8      | Killed a death yak
 11570 | D:8      | Reached skill level 5 in Fighting
 11775 | D:8      | Killed a death yak
 11776 | D:8      | Reached skill level 6 in Conjurations
 11776 | D:8      | Killed a death yak
 11777 | D:8      | Reached skill level 4 in Poison Magic
 11796 | D:8      | Killed a death yak
 11797 | D:8      | Reached skill level 5 in Poison Magic
 11860 | D:8      | Killed a death yak
 11861 | D:8      | Killed a death yak
 11861 | D:8      | Reached *** piety under Vehumet
 11862 | D:8      | Reached skill level 7 in Spellcasting
 12088 | D:8      | Killed a death yak
 12283 | D:8      | Noticed a manticore
 12289 | D:8      | Killed a manticore
 12290 | D:8      | Reached skill level 14 in Air Magic
 12899 | D:8      | Noticed a two-headed ogre
 12920 | D:8      | Killed a two-headed ogre
 12920 | D:8      | Offered knowledge of Mephitic Cloud by Vehumet.
 12921 | D:8      | Reached skill level 15 in Air Magic
 13004 | D:8      | Reached XP level 12. HP: 54/68 MP: 23/23
 13386 | D:8      | Identified the +1 robe "Javiv" {Drain rPois Int+4 Slay+6}
 13386 | D:8      | Identified the ring "Luaron" {rC+ Str+3 Int+6 Dex+3 Slay-3}
 13386 | D:8      | Noticed a centaur warrior
 13391 | D:8      | HP: 1/69 [centaur warrior/arrow (22)]
 13393 | D:8      | Killed a centaur warrior
 13394 | D:8      | Reached skill level 6 in Fighting
 13791 | D:8      | Noticed a centaur warrior
 13797 | D:8      | Reached skill level 4 in Dodging
 13800 | D:8      | Killed a centaur warrior
 14028 | D:7      | Killed shakesphere1979's ghost
 14029 | D:7      | Reached skill level 7 in Fighting
 14236 | D:3      | Bought a scroll of acquirement for 676 gold pieces
 14236 | D:3      | Acquired an amulet of regeneration
 14270 | D:3      | Noticed Natasha
 14272 | D:3      | Killed Natasha
 14327 | D:3      | Noticed Natasha
 14331 | D:3      | Killed Natasha
 14363 | D:3      | Noticed Grinder
 14367 | D:3      | Killed Grinder
 14369 | D:3      | Noticed Natasha
 14370 | D:3      | Killed Natasha
 15252 | D:8      | Gained mutation: Your body sometimes deteriorates upon
                  | taking damage. [a neqoxec]
 15261 | D:8      | Reached skill level 5 in Dodging
 15575 | D:8      | Got Fisoell's Reference Book on Misfortune and Lightning
 15580 | D:8      | Learned a level 3 spell: Mephitic Cloud
 15585 | D:8      | Learned a level 4 spell: Summon Lightning Spire
 15695 | D:9      | Reached skill level 1 in Summonings
 15764 | D:9      | Identified a potion of resistance
 15928 | D:9      | Reached skill level 2 in Summonings
 15934 | D:9      | Reached **** piety under Vehumet
 16021 | D:9      | Found a staircase to the Orcish Mines.
 16153 | D:9      | Reached skill level 8 in Fighting
 16402 | D:10     | Entered Level 10 of the Dungeon
 16458 | D:10     | Reached skill level 3 in Summonings
 16506 | D:10     | Found a transporter.
 16523 | D:10     | Acquired a +2 pair of gloves of hurling
 16586 | D:10     | Found an ancient bone altar of Kikubaaqudgha.
 16699 | D:10     | Found a hide-covered altar of Uskayaw.
 16793 | D:10     | Found Weunabux's Antique Armour Boutique.
 16982 | D:10     | Reached skill level 1 in Throwing
 17049 | D:10     | Reached skill level 4 in Summonings
 17105 | D:10     | Offered knowledge of Freezing Cloud by Vehumet.
 17106 | D:10     | Reached skill level 6 in Dodging
 17243 | D:10     | Found a transporter.
 17380 | D:10     | Reached skill level 2 in Throwing
 17383 | D:10     | Reached skill level 5 in Summonings
 17495 | D:10     | Noticed pokeman's ghost (novice DEHW)
 17525 | D:10     | Gained mutation: Your body often deteriorates upon taking
                  | damage. [a neqoxec]
 17817 | D:10     | Killed pokeman's ghost
 17942 | D:11     | Reached skill level 3 in Throwing
 17942 | D:11     | Reached skill level 6 in Summonings
 17995 | D:11     | Reached skill level 7 in Dodging
 17995 | D:11     | Reached XP level 13. HP: 78/78 MP: 24/24
 18112 | D:11     | Learned a level 5 spell: Freezing Cloud
 18362 | Orc:1    | Entered Level 1 of the Orcish Mines
 18385 | Orc:1    | Reached skill level 1 in Ice Magic
 18614 | Orc:1    | Reached skill level 2 in Ice Magic
 18892 | Orc:1    | Found Vaprenec's Antique Weapon Shop.
 19005 | Orc:2    | Entered Level 2 of the Orcish Mines
 19005 | Orc:2    | Noticed Rupert
 19005 | Orc:2    | Found a staircase to the Elven Halls.
 19019 | Orc:1    | Killed Rupert
 19020 | Orc:1    | Reached skill level 8 in Dodging
 19020 | Orc:1    | Reached skill level 3 in Ice Magic
 19141 | Lair:1   | Entered Level 1 of the Lair of Beasts
 19520 | Lair:1   | Reached skill level 9 in Dodging
 19897 | Lair:1   | Noticed Joseph
 19903 | Lair:1   | Killed Joseph
 20614 | Lair:2   | Reached skill level 16 in Air Magic
 20854 | Lair:2   | Found a staircase to the Snake Pit.
 21119 | Lair:2   | Found a staircase to the Shoals.
 21305 | Lair:2   | You are sucked into a shaft and drop 1 floor!
 21481 | Lair:3   | Reached skill level 17 in Air Magic
 21552 | Lair:3   | Reached ***** piety under Vehumet
 21820 | Lair:2   | Offered knowledge of Iskenderun's Mystic Blast by Vehumet.
 22064 | Lair:2   | Reached skill level 18 in Air Magic
 22068 | Lair:2   | Reached XP level 14. HP: 81/84 MP: 17/25
 22594 | Lair:3   | Reached skill level 10 in Dodging
 23162 | Lair:3   | Noticed Gastronok
 23169 | Lair:3   | Reached skill level 11 in Dodging
 23172 | Lair:3   | Killed Gastronok
 24327 | Lair:4   | Reached skill level 12 in Dodging
 24637 | Lair:4   | Identified the +0 mace "Koalead" {freeze, rF+}
 25191 | Lair:5   | Entered Level 5 of the Lair of Beasts
 25229 | Lair:5   | Identified the amulet of Yendor {Acrobat rF+}
 25363 | Lair:5   | Reached skill level 9 in Fighting
 25619 | Lair:5   | Reached skill level 10 in Fighting
 25644 | Lair:5   | Offered knowledge of Spellforged Servitor by Vehumet.
 25835 | Lair:5   | Noticed a dire elephant
 25844 | Lair:5   | Killed a dire elephant
 25847 | Lair:5   | Reached skill level 8 in Spellcasting
 26061 | Lair:5   | Found a staircase to the Slime Pits.
 26061 | Lair:5   | Found a viscous altar of Jiyva.
 26188 | Lair:5   | Reached skill level 9 in Spellcasting
 26579 | Lair:5   | Reached XP level 15. HP: 92/92 MP: 29/29
 26816 | Lair:5   | Reached skill level 10 in Spellcasting
 26971 | Lair:5   | Identified the +2 pair of boots of Shielding {+Inv rN+
                  | Dex+3}
 27294 | Lair:5   | Found a large runed translucent door.
 27294 | Lair:5   | Found a large runed translucent door.
 27973 | Lair:5   | Identified the +8 hand axe of Xoufuypi {drain, rN++ Int+3
                  | Dex-4 Stlth+}
 28418 | Orc:2    | Noticed Saint Roka
 28675 | Orc:1    | Reached skill level 11 in Spellcasting
 29429 | Orc:2    | Offered knowledge of Plasma Beam by Vehumet.
 29437 | Orc:2    | Killed Saint Roka
 29775 | Orc:2    | Noticed Erolcha
 29975 | Orc:2    | Killed Erolcha
 30373 | Orc:2    | Reached skill level 12 in Spellcasting
 30532 | Orc:2    | Noticed Jorgrun
 30544 | Orc:2    | Killed Jorgrun
 30587 | Orc:1    | Noticed Nergalle
 30587 | Orc:1    | Identified a +2 robe of resistance
 31313 | Orc:2    | Reached skill level 13 in Spellcasting
 31419 | Orc:2    | Offered knowledge of Starburst by Vehumet.
 31447 | Orc:2    | Found Inaxom's General Store.
 31448 | Orc:2    | Found Gashomet's Antique Armour Boutique.
 31448 | Orc:2    | Found Cububamu's Antique Armour Shop.
 31449 | Orc:2    | Found Hogh's Magic Scroll Boutique.
 31459 | Orc:2    | Bought a scroll of identify for 28 gold pieces
 31506 | Orc:2    | Bought a scroll of identify for 26 gold pieces
 31506 | Orc:2    | Bought a scroll of identify for 26 gold pieces
 31506 | Orc:2    | Bought a scroll of identify for 26 gold pieces
 31506 | Orc:2    | Bought a scroll of teleportation for 39 gold pieces
 31506 | Orc:2    | Bought a scroll of teleportation for 39 gold pieces
 31506 | Orc:2    | Bought a scroll of amnesia for 52 gold pieces
 31513 | Orc:2    | Bought a potion of cancellation for 112 gold pieces
 31513 | Orc:2    | Bought a potion of heal wounds for 70 gold pieces
 31566 | Orc:2    | Killed Nergalle
 31842 | D:11     | Identified the +3 dagger "Uptio" {flame, rElec rF+}
 32146 | D:11     | Noticed Grum
 32150 | D:11     | Killed Grum
 32476 | D:12     | Noticed Urug
 32482 | D:12     | Killed Urug
 33670 | D:13     | Reached XP level 16. HP: 51/97 MP: 34/34
 33844 | D:13     | Identified the +3 flail "Westriamo" {freeze, rF+}
 34290 | D:13     | Reached skill level 19 in Air Magic
 34907 | Shoals:1 | Entered Level 1 of the Shoals
 35136 | Shoals:1 | Acquired the +0 hat of Liurghaink {rElec Str+2 Dex+6}
 35213 | Shoals:1 | Reached skill level 13 in Dodging
 35265 | Shoals:1 | Noticed Kirke
 35274 | Shoals:1 | Killed Kirke
 35295 | Shoals:1 | Found a runed translucent door.
 35542 | Shoals:1 | Offered knowledge of Orb of Destruction by Vehumet.
 36391 | Shoals:1 | Identified the +8 war axe "Beastslayer" {chaos, rPois}
 36392 | Shoals:1 | Found a shimmering altar of Xom.
 36392 | Shoals:1 | Noticed Giwko Emo's ghost (journeyman DrSh)
 36655 | Shoals:1 | Reached skill level 20 in Air Magic
 37010 | Shoals:1 | Reached skill level 14 in Dodging
 37435 | Shoals:1 | Reached skill level 7 in Conjurations
 37739 | Shoals:2 | Learned a level 7 spell: Orb of Destruction
 37788 | Shoals:2 | Reached skill level 8 in Conjurations
 38655 | Shoals:2 | Acquired 804 gold pieces
 38727 | Shoals:2 | Reached skill level 9 in Conjurations
 38801 | Shoals:2 | Identified the +1 robe "Ityolem" {Rampage *Corrode rElec
                  | SInv}
 39457 | Shoals:3 | Reached skill level 21 in Air Magic
 39457 | Shoals:3 | Reached XP level 17. HP: 77/102 MP: 34/35
 39575 | Shoals:3 | Reached skill level 10 in Conjurations
 39610 | Shoals:3 | Noticed Polyphemus
 39626 | Shoals:3 | Killed Polyphemus
 39626 | Shoals:3 | Offered knowledge of Conjure Ball Lightning by Vehumet.
 39816 | Shoals:3 | Reached skill level 11 in Conjurations
 40404 | Shoals:3 | Reached skill level 12 in Conjurations
 40890 | Shoals:3 | Identified the +2 robe of Conscience {rElec rN+ Int+2
                  | Stlth-}
 41278 | Shoals:1 | Killed Giwko Emo's ghost
 41279 | Shoals:1 | Reached skill level 13 in Conjurations
 41457 | Snake:1  | Entered Level 1 of the Snake Pit
 41766 | Snake:1  | Found a runed translucent door.
 41835 | Snake:1  | Noticed Keuh's ghost (adept VSFi)
 42259 | Snake:1  | Reached skill level 14 in Conjurations
 42729 | Snake:1  | Noticed Asterion
 42936 | Snake:1  | Killed Asterion
 43296 | Snake:1  | Killed Keuh's ghost
 43297 | Snake:1  | Reached skill level 4 in Ice Magic
 43415 | Snake:1  | Learned a level 6 spell: Plasma Beam
 43954 | Snake:2  | Reached skill level 1 in Fire Magic
 44256 | Snake:2  | Reached skill level 2 in Fire Magic
 44666 | Snake:2  | Reached skill level 5 in Ice Magic
 45140 | Snake:2  | Offered knowledge of Eringya's Noxious Bog by Vehumet.
 45372 | Snake:2  | Reached skill level 3 in Fire Magic
 46429 | Snake:3  | Reached skill level 4 in Fire Magic
 47069 | Snake:4  | Entered Level 4 of the Snake Pit
 47103 | Snake:4  | Found a frozen archway.
 47112 | IceCv    | Entered an ice cave
 47226 | IceCv    | Reached skill level 6 in Ice Magic
 47226 | IceCv    | Reached XP level 18. HP: 86/107 MP: 29/36
 47510 | IceCv    | Identified a +2 robe of resistance
 47513 | IceCv    | Identified the amulet "Hoirr" {Spirit Int+5}
 47557 | IceCv    | Noticed a golden dragon
 47575 | IceCv    | Killed a golden dragon
 47576 | IceCv    | Reached skill level 5 in Fire Magic
 48187 | IceCv    | Identified the ring of Ypsaeno {rPois rC+++ Str-3 Dex-5
                  | SInv}
 48497 | Snake:3  | Reached skill level 14 in Spellcasting
 48502 | Snake:3  | Reached skill level 6 in Fire Magic
 48859 | Snake:4  | Reached skill level 7 in Fire Magic
 49302 | Snake:4  | Noticed Vashnia
 49316 | Snake:4  | Reached skill level 8 in Fire Magic
 49585 | Snake:4  | Killed Vashnia
 49586 | Snake:4  | Reached skill level 9 in Fire Magic
 49898 | Snake:4  | Reached skill level 7 in Stealth
 50293 | Snake:4  | Learned a level 6 spell: Conjure Ball Lightning
 50298 | Snake:4  | Reached skill level 8 in Stealth
 50999 | Snake:4  | Reached skill level 9 in Stealth
 51502 | Shoals:4 | Entered Level 4 of the Shoals
 52247 | Shoals:4 | Noticed Ilsuiw
 52897 | Shoals:3 | Reached ****** piety under Vehumet
 52981 | Shoals:4 | Killed Ilsuiw
 53166 | Shoals:3 | Reached XP level 19. HP: 67/112 MP: 38/38
 53466 | Shoals:4 | Reached skill level 15 in Conjurations
 53468 | Shoals:4 | Offered knowledge of Chain Lightning by Vehumet.
 53468 | Shoals:4 | Offered knowledge of Polar Vortex by Vehumet.
 53468 | Shoals:4 | Offered knowledge of Maxwell's Capacitive Coupling by
                  | Vehumet.
 54377 | Shoals:4 | Found a runed translucent gate.
 54377 | Shoals:4 | Found a runed translucent gate.
 54378 | Shoals:4 | Found a runed translucent gate.
 54381 | Shoals:4 | Noticed Bediveer's ghost (adept DrEE)
 54417 | Shoals:4 | Found the +8 demon blade "Leech" {evervamp, Harm Drain rN+}
 54591 | Shoals:4 | Got a barnacled rune of Zot
 55556 | Shoals:4 | Killed Bediveer's ghost
 55726 | Shoals:4 | Identified the +3 pair of boots of Valiance {rElec Str+6
                  | Int+4}
 56051 | Snake:4  | Reached skill level 15 in Dodging
 56051 | Snake:4  | Reached skill level 22 in Air Magic
 56727 | Snake:4  | Lost mutation: Your body often deteriorates upon taking
                  | damage. [potion of mutation]
 56727 | Snake:4  | Lost mutation: Your body sometimes deteriorates upon taking
                  | damage. [potion of mutation]
 56727 | Snake:4  | Gained mutation: You occasionally lose the ability to drink
                  | potions when taking damage. [potion of mutation]
 56817 | Snake:4  | Got a serpentine rune of Zot
 57594 | D:14     | Found a blossoming altar of Fedhas.
 58052 | D:14     | Reached skill level 16 in Conjurations
 58329 | D:14     | Found a gate to the Vaults.
 58373 | Vaults:1 | Entered Level 1 of the Vaults
 58678 | Vaults:1 | Found Pepsoj's Antique Armour Emporium.
 60357 | Vaults:2 | Reached XP level 20. HP: 117/117 MP: 39/39
 60378 | Vaults:2 | Reached skill level 15 in Spellcasting
 60932 | Vaults:2 | Reached skill level 16 in Dodging
 61091 | Vaults:2 | Noticed Sojobo
 61270 | Vaults:2 | Reached skill level 23 in Air Magic
 61275 | Vaults:2 | Killed Sojobo
 61633 | Vaults:2 | Learned a level 9 spell: Chain Lightning
 62592 | Vaults:2 | Found a gateway to a bazaar.
 62832 | Bazaar   | Entered a bazaar
 62832 | Bazaar   | Found Pynaedgh's Armour Shoppe.
 62832 | Bazaar   | Found Xun Muzi's Assorted Antiques.
 62834 | Bazaar   | Found Gaychimuv's Distillery.
 62834 | Bazaar   | Found Luemmoet's Weapon Boutique.
 62898 | Bazaar   | Bought the +2 cloak of Quantum Leap {rN+ Will+ Str+2 Dex+3}
                  | for 459 gold pieces
 62912 | Bazaar   | Bought a potion of mutation for 120 gold pieces
 62912 | Bazaar   | Bought a potion of invisibility for 120 gold pieces
 62912 | Bazaar   | Bought a potion of brilliance for 60 gold pieces
 62912 | Bazaar   | Bought 2 potions of cancellation for 240 gold pieces
 62912 | Bazaar   | Bought a potion of magic for 120 gold pieces
 62912 | Bazaar   | Bought a potion of curing for 45 gold pieces
 62912 | Bazaar   | Bought a potion of haste for 150 gold pieces
 62912 | Bazaar   | Bought a potion of might for 60 gold pieces
 62920 | Bazaar   | Bought a wand of charming (6) for 187 gold pieces
 62920 | Bazaar   | Bought a potion of magic for 104 gold pieces
 62920 | Bazaar   | Bought a potion of enlightenment for 65 gold pieces
 62920 | Bazaar   | Bought a scroll of fog for 52 gold pieces
 63435 | Vaults:3 | Reached skill level 17 in Conjurations
 63938 | Vaults:3 | Reached skill level 24 in Air Magic
 64821 | Vaults:3 | Found a staircase to the Crypt.
 65122 | Vaults:3 | Reached skill level 18 in Conjurations
 65128 | Vaults:3 | Identified the +0 leather armour "Katic" {Int+4}
 65976 | Vaults:4 | Reached XP level 21. HP: 122/122 MP: 41/41
 66307 | Vaults:4 | Reached skill level 25 in Air Magic
 66503 | Vaults:4 | Found Bullazil's Armour Shoppe.
 66591 | Vaults:4 | Found Mungeku's Magic Scroll Emporium.
 66599 | Vaults:4 | Reached skill level 19 in Conjurations
 66620 | Vaults:4 | Bought a scroll of blinking for 142 gold pieces
 66620 | Vaults:4 | Bought 3 scrolls of revelation for 427 gold pieces
 66620 | Vaults:4 | Bought a scroll of teleportation for 57 gold pieces
 66620 | Vaults:4 | Bought a scroll of fear for 76 gold pieces
 67136 | Vaults:4 | Found Sozxapp's Magic Scroll Shoppe.
 67139 | Vaults:4 | Bought a scroll of teleportation for 72 gold pieces
 67299 | Vaults:4 | Found Aneseu Fein's General Store.
 67305 | Vaults:4 | Bought a potion of magic for 152 gold pieces
 67305 | Vaults:4 | Bought a scroll of poison for 76 gold pieces
 67305 | Vaults:4 | Bought a scroll of teleportation for 57 gold pieces
 67305 | Vaults:4 | Bought a scroll of revelation for 142 gold pieces
 67375 | Vaults:4 | Reached skill level 20 in Conjurations
 68387 | Slime:1  | Entered Level 1 of the Pits of Slime
 69268 | Slime:1  | You are sucked into a shaft and drop 1 floor!
 69283 | Slime:2  | Reached skill level 11 in Fighting
 70035 | Slime:2  | Reached skill level 17 in Dodging
 70229 | Slime:2  | Gained mutation: Your magical capacity is low. (-10% MP) [a
                  | shining eye]
 71121 | Slime:2  | Lost mutation: Your magical capacity is low. (-10% MP)
                  | [potion of mutation]
 71121 | Slime:2  | Lost mutation: You occasionally lose the ability to drink
                  | potions when taking damage. [potion of mutation]
 71121 | Slime:2  | Gained mutation: Your body sometimes deteriorates upon
                  | taking damage. [potion of mutation]
 71222 | Slime:4  | Reached skill level 12 in Fighting
 72042 | Slime:5  | Entered Level 5 of the Pits of Slime
 72200 | Slime:5  | Paralysed by a formless jellyfish for 1 turns
 72209 | Slime:5  | Reached skill level 13 in Fighting
 72210 | Slime:5  | Reached XP level 22. HP: 42/135 MP: 41/42
 72245 | Slime:5  | Noticed the Royal Jelly
 72249 | Slime:5  | Found a viscous altar of Jiyva.
 72269 | Slime:5  | Paralysed by a floating eye for 3 turns
 72980 | Slime:5  | Reached skill level 14 in Fighting
 73158 | Slime:5  | Killed the Royal Jelly
 73450 | Slime:5  | Got Zyeq's Precepts of Firn
 73457 | Slime:5  | Identified the +3 scale mail of Guuvuom {Regen+ rCorr
                  | Dex-2}
 73541 | Slime:5  | Identified the +0 chain mail "Ykhuirepn" {Harm *Corrode
                  | rN++}
 73908 | Slime:5  | Identified the +11 whip "Fomn" {flame, rF++ MP-9 SInv
                  | Stlth+}
 73923 | Slime:5  | Identified the +4 war axe "Imuigyg" {heavy, rC+}
 73926 | Slime:5  | Got a slimy rune of Zot
 73927 | Slime:5  | Identified the scarf of Yesterday {+Inv, rElec Regen+}
 73995 | Slime:5  | Identified the +7 great sword "Qixoxt" {elec, Int+2}
 74005 | Slime:5  | Identified the ring "Guajigh" {rPois Dex+6}
 74008 | Slime:5  | Identified the ring of the Present {Fly MP+9 Dex+4}
 74010 | Slime:5  | Identified the amulet "Jyopeonn" {Spirit Int+3 Dex+3}
 74416 | D:15     | Entered Level 15 of the Dungeon
 74972 | D:15     | Found a staircase to the Depths.
 75140 | D:15     | Reached skill level 15 in Fighting
 75921 | Depths:1 | Entered Level 1 of the Depths
 76291 | Depths:1 | Reached skill level 16 in Spellcasting
 76554 | Depths:1 | Found a magical portal.
 76563 | WizLab   | Entered Alistair's Party Mansion
 77107 | WizLab   | Reached skill level 16 in Fighting
 77411 | WizLab   | Acquired the +0 buckler "Zaxecaqi" {Int+3 Dex+5 SInv}
 77699 | WizLab   | Identified the staff of Wrongful Imprisonment {rC+ rN+
                  | Stlth+ Ice}
 77820 | Depths:1 | Found a gateway to Hell.
 78029 | Depths:1 | Identified the +3 chain mail of the Equator {Harm rC+
                  | Regen+}
 78213 | Depths:1 | Found a one-way gate leading to the halls of Pandemonium.
 78979 | Depths:1 | Reached XP level 23. HP: 126/148 MP: 44/44
 79090 | Depths:1 | Reached skill level 17 in Fighting
 79441 | Depths:1 | Found Halaofru's Jewellery Boutique.
 79442 | Depths:1 | Found Ulafatoisk's Book Shoppe.
 79443 | Depths:1 | Found Ynku's Jewellery Boutique.
 79743 | Depths:2 | Reached skill level 8 in Evocations
 79966 | Depths:2 | Noticed a juggernaut
 79969 | Depths:2 | Killed a juggernaut
 80368 | Depths:2 | Found a one-way gate to the infinite horrors of the Abyss.
 80378 | Depths:2 | Learned a level 8 spell: Maxwell's Capacitive Coupling
 80418 | Depths:2 | Reached skill level 9 in Evocations
 81212 | Depths:2 | Reached skill level 17 in Spellcasting
 82312 | Depths:2 | Found a one-way gate to the infinite horrors of the Abyss.
 82662 | Depths:3 | Found a one-way gateway to a ziggurat.
 82668 | Depths:3 | Reached skill level 10 in Evocations
 82691 | Depths:3 | Noticed Frederick
 82694 | Depths:3 | Killed Frederick
 82982 | Depths:3 | Found Gozag's Antique Weapon Shop.
 82987 | Depths:3 | Found an opulent altar of Gozag.
 82987 | Depths:3 | Found Gozag's Assorted Antiques.
 82987 | Depths:3 | Noticed a golden dragon
 82995 | Depths:3 | Found Gozag's Antique Weapon Boutique.
 83077 | Depths:3 | Found Tadeef's Antique Armour Shoppe.
 83077 | Depths:3 | Found Tanez's Weapon Emporium.
 83360 | Depths:3 | Noticed a caustic shrike
 83360 | Depths:3 | Noticed a caustic shrike
 83361 | Depths:3 | Noticed a caustic shrike
 83363 | Depths:3 | Killed a caustic shrike
 83363 | Depths:3 | Noticed a caustic shrike
 83364 | Depths:3 | Killed a caustic shrike
 83364 | Depths:3 | Killed a caustic shrike
 83365 | Depths:3 | Killed a caustic shrike
 83366 | Depths:3 | Reached skill level 11 in Evocations
 83641 | Depths:3 | Found a hazy altar of Hepliaklqana.
 83659 | Depths:3 | Got the Notes on the Blaze
 83767 | Depths:3 | Killed a golden dragon
 84193 | Depths:4 | Entered Level 4 of the Depths
 84269 | Depths:4 | Reached skill level 18 in Spellcasting
 84275 | Depths:4 | Reached XP level 24. HP: 156/156 MP: 25/46
 84785 | Depths:4 | Identified the ring "Wout Gubbu" {Ice Str+2 SInv}
 84785 | Depths:4 | Noticed Josephina
 84787 | Depths:4 | Killed Josephina
 85046 | Depths:4 | Reached skill level 19 in Spellcasting
 85591 | Depths:4 | Found a gate to the Realm of Zot.
 85630 | Depths:4 | Acquired 1190 gold pieces
 85995 | Depths:4 | Found Umerevop's Serpentskin Sales.
 86714 | Vaults:5 | Entered Level 5 of the Vaults
 86718 | Vaults:5 | Reached skill level 26 in Air Magic
 87322 | Vaults:5 | Noticed an ancient lich
 87540 | Vaults:5 | Reached skill level 27 in Air Magic
 87540 | Vaults:5 | Reached skill level 2 in Staves
 87548 | Vaults:5 | Killed an ancient lich
 87630 | Vaults:5 | HP: 8/156 [constriction (8)]
 87631 | Vaults:5 | HP: 2/156 [tentacled monstrosity (2)]
 87631 | Vaults:5 | Constricted to death by a tentacled monstrosity

Vanquished Creatures
  the Royal Jelly (Slime:5)
  An ancient lich (Vaults:5)
  A juggernaut (Depths:2)
  Sojobo (Vaults:2)
  Josephina (Depths:4)
  Frederick (Depths:3)
  Saint Roka (Orc:2)
  4 caustic shrikes (Depths:3)
  Vashnia (Snake:4)
  3 golden dragons
  2 tentacled monstrosities
  Jorgrun (Orc:2)
  Rupert (Orc:1)
  3 liches
  A walking earthen tome (Depths:2)
  4 titans
  2 quicksilver dragons
  Gastronok (Lair:3)
  21 acid blobs
  5 sphinxes
  A tentacled starspawn (WizLab)
  The ghost of Bediveer the Gelid, an adept DrEE of Gozag (Shoals:4)
  3 shadow dragons
  6 tengu reavers
  5 storm dragons
  Kirke (Shoals:1)
  5 rockslimes
  5 nagarajas
  Ilsuiw (Shoals:4)
  An emperor scorpion (shapeshifter) (Depths:4)
  The ghost of Keuh the Slicer, an adept VSFi of Hepliaklqana (Snake:1)
  10 azure jellies
  An iron dragon (Depths:4)
  7 frost giants
  9 vault wardens
  8 fire giants
  The ghost of Giwko Emo the Grappler, a journeyman DrSh of Wu Jian (Shoals:1)
  A draconian stormcaller (Depths:4)
  A ghost moth (WizLab)
  2 balrugs
  16 ironbound preservers
  12 quicksilver oozes
  A cacodemon (WizLab)
  A war gargoyle (Vaults:5)
  3 demonspawn corrupters (WizLab)
  18 very ugly things
  3 orc warlords
  2 vampire knights
  5 elemental wellsprings (Shoals:1)
  2 green draconians (Depths:4)
  6 stone giants
  8 ironbound thunderhulks
  4 formless jellyfish
  11 dire elephants
  3 purple draconians (Depths:4)
  A black draconian (Depths:4)
  2 yellow draconians (Depths:4)
  A deep elf annihilator (Vaults:5)
  A red draconian (Depths:4)
  A lorocyproca (Depths:1)
  3 spark wasps
  6 merfolk javelineers (Shoals:4)
  8 ettins
  7 fire dragons
  A blizzard demon (Depths:2)
  9 merfolk impalers
  3 entropy weavers
  3 deep elf high priests
  8 yaktaur captains
  A caustic shrike simulacrum (Depths:4)
  10 great orbs of eyes
  A hell beast (Depths:4)
  2 rakshasas
  6 ice dragons
  Erolcha (Orc:2)
  2 spriggan air magi
  6 hydras
  A salamander tyrant (Snake:4)
  5 merfolk avatars
  27 vault guards
  An alligator snapping turtle (Shoals:4)
  6 centaur warriors
  2 death knights
  A catoblepas (Lair:1)
  4 ogre magi
  4 boulder beetles
  6 merfolk aquamancers
  8 ironbound frosthearts
  8 two-headed ogres
  3 satyrs
  8 anacondas
  A radroach (shapeshifter) (Depths:2)
  A dancing weapon (Shoals:1)
  2 deep troll shamans
  6 hell hogs
  7 naga warriors
  12 deep troll earth magi
  A vampire mage (Vaults:3)
  5 tengu warriors
  9 death yaks
  6 orc high priests
  2 spriggan berserkers
  The ghost of shakesphere1979 the Ruffian, a novice TrGl of Qazlal (D:7)
  5 shock serpents
  6 soul eaters (Depths:1)
  3 hell knights
  20 naga sharpshooters
  3 sun demons (Depths:1)
  A titan skeleton (Depths:1)
  3 sixfirhies (Depths:2)
  3 salamander mystics
  4 skeletal warriors (Depths:4)
  6 skysharks
  A shadow wraith (Vaults:5)
  10 iron trolls
  13 sea snakes
  A quicksilver dragon simulacrum (Depths:4)
  4 glowing orange brains
  A spriggan druid (WizLab)
  2 deep trolls (shapeshifter) (Vaults:5)
  48 deep trolls
  A glowing orange brain (shapeshifter) (D:15)
  8 naga ritualists
  An orange crystal statue (IceCv)
  3 phantasmal warriors
  5 deep elf pyromancers
  20 ironbound convokers
  13 wizards
  7 lindwurms
  4 necromancers
  10 orc knights
  A wolf spider (D:15)
  30 harpies
  4 orc sorcerers
  A wolf spider (shapeshifter) (Depths:3)
  18 fauns
  A shadow dragon skeleton (Depths:1)
  53 ugly things
  14 manticores
  8 mana vipers
  2 cyclopes
  7 shining eyes
  Joseph (Lair:1)
  14 salamanders
  4 worldbinders (WizLab)
  5 guardian serpents
  27 black mambas
  14 vault sentinels
  3 eyes of devastation
  9 elephants
  A rust devil (Depths:2)
  23 naga magi
  3 molten gargoyles
  13 merfolk sirens
  14 cane toads
  An ice statue (Vaults:2)
  Maggie (D:9)
  3 water nymphs (Shoals:4)
  4 smoke demons
  A gargoyle (D:11)
  2 unseen horrors
  4 storm dragon simulacra (IceCv)
  A rime drake (Lair:4)
  2 orange demons
  3 tengu conjurers (D:15)
  A freezing wraith (Vaults:3)
  12 komodo dragons
  An efreet (D:8)
  8 yaktaurs
  2 kobold demonologists
  3 ice devils
  6 golden dragon simulacra
  31 merfolk
  16 wind drakes
  3 hornets
  3 meliai (D:15)
  A shadow dragon simulacrum (Depths:4)
  7 trolls
  A tarantella (shapeshifter) (Depths:3)
  Prince Ribbit (D:7)
  Grinder (D:3)
  14 blink frogs
  10 snapping turtles
  A tarantella (Vaults:1)
  3 dream sheep (Lair:5)
  A jumping spider (Vaults:3)
  An iron dragon simulacrum (Depths:4)
  2 spriggans (Depths:4)
  129 slime creatures
  4 shadows
  A vampire (D:8)
  14 water elementals
  2 wraiths
  43 yaks
  7 wyverns
  Grum (D:11)
  3 hogs (Shoals:1)
  2 neqoxecs (D:10)
  6 vampire mosquitoes
  23 humans
  4 steam dragons
  2 basilisks
  A redback (Vaults:3)
  3 wargs (Orc:1)
  Menkaure (D:6)
  34 nagas
  10 water moccasins
  4 hell hounds (Lair:5)
  Duvessa (D:6)
  A floating eye (Depths:3)
  Pargi (Sewer)
  29 orc warriors
  3 sky beasts
  7 black bears
  2 ice beasts
  5 ice dragon simulacra (IceCv)
  7 ogres
  15 wolves
  24 centaurs
  A phantom (D:4)
  9 kobold brigands
  18 bullfrogs
  A gnoll sergeant (D:11)
  5 scorpions
  11 wights
  Dowan (D:6)
  7 lindwurm simulacra (IceCv)
  4 electric eels
  4 howler monkeys
  9 lava snakes
  4 quasits (D:10)
  A gnoll bouda (D:7)
  9 hounds
  5 jellies
  26 orc priests
  4 iguanas
  A sleepcap (D:7)
  Natasha (thrice) (D:3)
  19 orc wizards
  5 polar bear simulacra (D:15)
  A yak simulacrum (D:15)
  2 wolf simulacra (D:15)
  10 gnolls
  9 adders
  A shadow imp (D:5)
  A white imp (D:5)
  2 ufetubi
  5 worms
  6 dart slugs
  70 orcs
  9 endoplasms
  4 giant cockroaches
  10 goblins
  5 hobgoblins
  7 jackals (D:4)
  5 quokkas
  7 ball pythons
  9 bats
  5 frilled lizards
  23 kobolds
  3 river rat simulacra (D:15)
  2 starspawn tentacles (WizLab)
1800 creatures vanquished.

Vanquished Creatures (collateral kills)
  A bone dragon (Depths:3)
  Asterion (Snake:1)
  A titan (Vaults:5)
  An ancient champion (Depths:4)
  Polyphemus (Shoals:3)
  A tengu reaver (Vaults:5)
  A nagaraja (Snake:4)
  A deep elf sorcerer (WizLab)
  2 ironbound preservers
  2 ironbound thunderhulks
  3 dire elephants
  A yaktaur captain (Vaults:5)
  A great orb of eyes (Vaults:3)
  A merfolk impaler (Shoals:4)
  A deep elf high priest (WizLab)
  2 fire dragons
  2 hydras (Lair:5)
  A merfolk avatar (Shoals:1)
  A catoblepas (Shoals:3)
  4 naga sharpshooters (Snake:4)
  A hell knight (WizLab)
  Nergalle (Orc:2)
  Urug (D:12)
  An orc high priest (Orc:2)
  A skyshark (Shoals:3)
  The ghost of pokeman the Thaumaturge, a novice DEHW (D:10)
  A sea snake (Shoals:2)
  A salamander mystic (Snake:4)
  3 deep trolls
  3 wizards (WizLab)
  A lindwurm (Lair:3)
  A phantasmal warrior (D:13)
  A mana viper (Snake:4)
  4 orc knights
  2 harpies (Shoals:1)
  An ugly thing (Vaults:3)
  An iron dragon skeleton (Depths:1)
  A black mamba (Lair:5)
  A vault sentinel (Vaults:4)
  3 elephants
  2 water nymphs
  A naga mage (Snake:4)
  2 cane toads
  A freezing wraith (D:13)
  4 blink frogs
  A dream sheep (Lair:5)
  A spriggan zombie (Depths:1)
  11 slime creatures
  A wyvern (Lair:5)
  A water elemental (Shoals:3)
  A hog (Shoals:1)
  21 yaks
  A warg (Orc:1)
  A naga (Snake:1)
  2 water moccasins (Lair:5)
  A floating eye (Slime:5)
  A hell hound (Lair:5)
  7 orc warriors
  A black bear (Lair:1)
  A centaur (D:10)
  5 wolves
  A bullfrog (Lair:3)
  6 orc priests
  A jelly (Lair:5)
  An orc wizard (D:10)
  A gnoll (D:11)
  4 orcs
140 creatures vanquished.

Vanquished Creatures (others)
  A harpy (Shoals:1)
  A water nymph (shapeshifter) (D:8)
  2 humans
  An orc priest (Orc:2)
  92 ball lightnings
97 creatures vanquished.

Grand Total: 2037 creatures vanquished

Table legend: (Time is in decaauts)
 A = Elapsed time spent in this place.
 B = Non-inter-level travel time spent in this place.
 C = Inter-level travel time spent in this place.
 D = Time resting spent in this place.
 E = Time spent auto-exploring this place.
 F = Levels seen in this place.
 G = Mean time per level.
                   A        B        C        D        E       F      G
               +--------+--------+--------+--------+--------+-----+--------+
         Total |  83978 |  77482 |   6496 |  18432 |  47400 |  50 | 1679.6 |
       Dungeon |  23399 |  21147 |   2252 |   3079 |  14968 |  15 | 1559.9 |
        Temple |    103 |     90 |     13 |      0 |     75 |   1 |  103.0 |
          Lair |   9596 |   8778 |    818 |   1621 |   6066 |   5 | 1919.2 |
        Shoals |  10311 |   9853 |    458 |   3223 |   5166 |   4 | 2577.8 |
     Snake Pit |   9609 |   8617 |    992 |   1862 |   5684 |   4 | 2402.2 |
    Slime Pits |   5109 |   4742 |    367 |   2468 |   1325 |   5 | 1021.8 |
  Orcish Mines |   4028 |   3909 |    119 |   1662 |   1638 |   2 | 2014.0 |
        Vaults |  10100 |   9135 |    965 |   1867 |   5807 |   5 | 2020.0 |
        Depths |   8350 |   7841 |    509 |   1686 |   5101 |   4 | 2087.5 |
        Bazaar |     88 |     88 |      0 |      0 |     44 |   1 |   88.0 |
         Sewer |    331 |    331 |      0 |     50 |    207 |   1 |  331.0 |
        Bailey |    666 |    666 |      0 |    300 |    197 |   1 |  666.0 |
      Ice Cave |   1143 |   1143 |      0 |    316 |    598 |   1 | 1143.0 |
        Wizlab |   1140 |   1140 |      0 |    292 |    517 |   1 | 1140.0 |
               +--------+--------+--------+--------+--------+-----+--------+

Top non-repeatable levels by time:
     D:8: 4611 daAuts
Shoals:3: 3618 daAuts
 Snake:3: 3178 daAuts
Depths:2: 3006 daAuts
Shoals:1: 2853 daAuts
  Lair:5: 2836 daAuts
Vaults:4: 2605 daAuts
Vaults:2: 2553 daAuts
Vaults:3: 2507 daAuts
   Orc:1: 2459 daAuts
Vaults:1: 2316 daAuts
 Snake:4: 2247 daAuts
Depths:3: 2234 daAuts
 Snake:1: 2201 daAuts
Depths:1: 2045 daAuts

Table legend:
 A = Non-vault XP
 B = Vault XP
 C = Vault XP percentage of total XP
 D = Non-vault monster count
 E = Vault monster count
 F = Vault count percentage of total count
                 A         B        C        D         E       F
            +---------+---------+-------+---------+---------+-------
      Total |  498014 |  463448 |  48.2 |    1136 |     786 |  40.9
            +---------+---------+-------+---------+---------+-------
        D:1 |      22 |       0 |   0.0 |      13 |       0 |   0.0
        D:2 |      45 |       2 |   4.3 |      12 |       1 |   7.7
        D:3 |     163 |     405 |  71.3 |      23 |       6 |  20.7
        D:4 |     128 |     367 |  74.1 |      21 |      20 |  48.8
        D:5 |     876 |      47 |   5.1 |      22 |       2 |   8.3
        D:6 |     805 |     383 |  32.2 |      12 |       3 |  20.0
        D:7 |    2088 |    1067 |  33.8 |      24 |       7 |  22.6
        D:8 |    1915 |   13257 |  87.4 |      26 |      36 |  58.1
        D:9 |    2190 |     430 |  16.4 |       9 |       5 |  35.7
       D:10 |    2193 |    2500 |  53.3 |      24 |      11 |  31.4
       D:11 |    4084 |     651 |  13.7 |      21 |       5 |  19.2
       D:12 |    2128 |     784 |  26.9 |      12 |       1 |   7.7
       D:13 |    7787 |       0 |   0.0 |      20 |       0 |   0.0
       D:14 |    2454 |    6443 |  72.4 |       4 |      25 |  86.2
       D:15 |   11131 |    3074 |  21.6 |      23 |      16 |  41.0
     Lair:1 |    4411 |    1443 |  24.6 |      17 |       7 |  29.2
     Lair:2 |    5348 |    2123 |  28.4 |      14 |      16 |  53.3
     Lair:3 |    7427 |    4093 |  35.5 |      25 |      13 |  34.2
     Lair:4 |    5594 |       0 |   0.0 |      24 |       0 |   0.0
     Lair:5 |   17840 |   13499 |  43.1 |      61 |      40 |  39.6
   Shoals:1 |   21896 |   10430 |  32.3 |      43 |      17 |  28.3
   Shoals:2 |   13748 |       0 |   0.0 |      28 |       0 |   0.0
   Shoals:3 |   20107 |    7684 |  27.6 |      38 |       9 |  19.1
   Shoals:4 |   19797 |   26747 |  57.5 |      33 |      46 |  58.2
    Snake:1 |    8115 |    3022 |  27.1 |      18 |       2 |  10.0
    Snake:2 |   16978 |     927 |   5.2 |      33 |       2 |   5.7
    Snake:3 |   11351 |       0 |   0.0 |      21 |       0 |   0.0
    Snake:4 |   26297 |   26354 |  50.1 |      52 |      36 |  40.9
    Slime:1 |   15555 |       0 |   0.0 |      25 |       0 |   0.0
    Slime:2 |   14423 |       0 |   0.0 |      31 |       0 |   0.0
    Slime:3 |   17148 |       0 |   0.0 |      36 |       0 |   0.0
    Slime:4 |    8824 |     891 |   9.2 |      16 |       1 |   5.9
    Slime:5 |    8844 |   24533 |  73.5 |      31 |      17 |  35.4
      Orc:1 |    4388 |    2584 |  37.1 |      36 |      12 |  25.0
      Orc:2 |     984 |   19371 |  95.2 |      10 |      83 |  89.2
   Vaults:1 |   20056 |   11124 |  35.7 |      34 |      14 |  29.2
   Vaults:2 |   23024 |   14022 |  37.9 |      35 |      12 |  25.5
   Vaults:3 |   21414 |   32345 |  60.2 |      30 |      42 |  58.3
   Vaults:4 |   24501 |   20802 |  45.9 |      31 |      25 |  44.6
   Vaults:5 |    3457 |   71469 |  95.4 |       5 |      65 |  92.9
   Depths:1 |   36144 |   20886 |  36.6 |      48 |      29 |  37.7
   Depths:2 |   29941 |   22249 |  42.6 |      38 |      23 |  37.7
   Depths:3 |   20550 |   30307 |  59.6 |      24 |      21 |  46.7
   Depths:4 |   31843 |   27252 |  46.1 |      33 |      28 |  45.9
      Sewer |       0 |     141 | 100.0 |       0 |       6 | 100.0
     Bailey |       0 |    1631 | 100.0 |       0 |      22 | 100.0
      IceCv |       0 |   11877 | 100.0 |       0 |      28 | 100.0
     WizLab |       0 |   26232 | 100.0 |       0 |      32 | 100.0
            +---------+---------+-------+---------+---------+-------

Levels and vault maps discovered:
D:1:      heliophobic_arrival_dark_side_of_the_moon, layout_basic,
          glass_columns_c
D:2:      layout_rooms, kennysheep_donut, minmay_fractal_squares_5
D:3:      layout_basic, serial_shops, shop, shop, shop,
          cheibrodos_sewer_entry_bend, cheibrodos_gnoll_hut, uniq_natasha,
          uniq_grinder
D:4:      layout_loops_cross, lemuel_doored_altar, nzn_random_ring
D:5:      layout_basic, kennysheep_slug_shrine, minmay_temple_entry_offerings,
          serial_curves, eino_curves_04, eino_curves_01, serial_shops,
          nicolae_take_the_stairs, kennysheep_generic_room_12
D:6:      layout_layer_cave, mainiacjoe_overflow_brackets,
          nicolae_overflow_hidden_temple, serial_rivers,
          chequers_serial_rivers_micro_c, chequers_serial_rivers_micro_a,
          chequers_serial_rivers_small_b, chequers_serial_rivers_micro_e,
          chequers_serial_rivers_micro_a, chequers_serial_rivers_micro_b,
          uniq_duvessa, uniq_menkaure
D:7:      layout_cave_pods, enter_bailey_4, serial_shops, shop,
          gammafunk_ghost_grave, uniq_prince_ribbit1
D:8:      minmay_the_grid_triangle_9x9_rhombus_full
          [minmay_the_grid_triangle_9x9_zippers_vertical,
          minmay_the_grid_triangle_9x9_stretched_checkered,
          minmay_the_grid_triangle_9x9_intruding_spiral,
          minmay_the_grid_triangle_9x9_impossible_snake,
          minmay_the_grid_triangle_9x9_pentomino_pain,
          minmay_the_grid_triangle_9x9_steps,
          minmay_the_grid_triangle_9x9_alien,
          minmay_the_grid_triangle_9x9_prize_top_heavy], layout_loops_ring,
          kennysheep_mini_moat, mainiacjoe_overflow_paths, dpeg_lair_monsters
D:9:      layout_long_grid, orc_david_3, dreamdust_wishing_well, uniq_maggie
D:10:     layout_small_grid, tgw_kikubaaqudgha, mainiacjoe_overflow_catwalk,
          gammafunk_ghost_stat_death, serial_shops, shop,
          kennysheep_opposing_triangles
D:11:     layout_gridville, minmay_misc_feat_hallway, kennysheep_generic_room_5,
          uniq_grum
D:12:     layout_loops_ring, uniq_urug
D:13:     layout_basic
D:14:     layout_cave_pools, grunt_vaults_entry_tiered, minmay_misc_feat_square,
          fedhas_ov_isle_minmay
D:15:     hangedman_depths_entry_try_elsewhere_first, layout_long_grid,
          nicolae_twisting_strands, chequers_serial_rivers_micro_a,
          eino_house_with_fridge
Temple:   nicolae_temple_two_arcs
Lair:1:   layout_regular_city, beast_lair_carwin_3, serial_bayou_shore_a,
          uniq_joseph
Lair:2:   beast_lair_carwin_large_1, layout_gridlike,
          minmay_shoals_entry_lonely_mermaid, nicolae_snake_entry_warm_welcome,
          chequers_serial_rivers_micro_c, lemuel_fruit_tree
Lair:3:   layout_regular_city, grunt_megastairs_5, uniq_gastronok
Lair:4:   layout_regular_city
Lair:5:   cheibrodos_lair_end_hotspot, layout_regular_city,
          minmay_slime_entry_pillars, serial_bayou, serial_bayou_pond_c,
          serial_bayou_pond_d, serial_bayou_lake_a, hangedman_lair_generics_rect
Shoals:1: layout_shoals, ebering_ghost_xom, nicolae_shoals_raging_river,
          uniq_kirke
Shoals:2: layout_shoals
Shoals:3: layout_shoals, uniq_polyphemus
Shoals:4: shoals_end_grunt_ice, layout_shoals, shoals_ilsuiw_alternative,
          gammafunk_ghost_tricky_traps
Snake:1:  layout_grid_maze, gammafunk_ghost_grave, uniq_asterion
Snake:2:  layout_basic, nrook_guardian_serpent_double
Snake:3:  layout_grid_maze
Snake:4:  snake_pit, layout_misc_corridors, portal_ice_cave_entry_pillars_2,
          uniq_vashnia
Slime:1:  layout_caves
Slime:2:  layout_caves
Slime:3:  layout_caves
Slime:4:  layout_caves
Slime:5:  slime_pit_nicolae_inversion
Orc:1:    layout_diamond_mine, serial_shops, shop, uniq_nergalle
Orc:2:    st_orc_pillars, layout_caves, kennysheep_orc_chapel, uniq_jorgrun,
          uniq_rupert, uniq_saint_roka, uniq_erolcha
Vaults:1: nicolae_vaults_twisting_passages, vaults_room_octagon,
          vaults_room_octagon, nicolae_vaults_door_testing_chamber,
          nicolae_vaults_closet_pinwheel_2, nicolae_vaults_tetromino_L_1,
          nicolae_vaults_surprise_closet, dpeg_vaults_monster_box,
          nicolae_vaults_apartment_1, layout_vaults_chaotic_city, serial_shops,
          nicolae_shop_dealshenge
Vaults:2: grunt_vaults_twisty, nicolae_vaults_double_plus_2,
          nicolae_vaults_diamond_1, nicolae_vaults_wrenched,
          nicolae_vaults_theta, nicolae_vaults_sealed_display,
          nicolae_vaults_two_Ls, nicolae_vaults_storage_room_statues,
          layout_vaults_omnigrid, serial_shops, statue_bzr, uniq_sojobo
Vaults:3: hangedman_vaults_nodes, nicolae_vaults_big_ls,
          nicolae_vaults_network_s, v_misc_1, ontoclasm_vaults_tryst,
          nicolae_vaults_steering_wheel, nicolae_vaults_network_square,
          vaults_dpeg_emergency_exit, nicolae_vaults_little_ls,
          ontoclasm_vaults_pinch, minmay_crypt_entry_simple_corners,
          nicolae_vaults_little_squares_6, nicolae_vaults_tetromino_L_2,
          layout_vaults_ring
Vaults:4: hangedman_vaults_unwind, nicolae_vaults_shrinking_rooms_2,
          nicolae_vaults_security_offices_2, v_misc_13,
          nicolae_vaults_network_quinsquares
          [nicolae_vaults_network_quincunx_subvault,
          nicolae_vaults_network_quincunx_subvault,
          nicolae_vaults_network_quincunx_subvault,
          nicolae_vaults_network_quincunx_subvault], vaults_room_hallway,
          vaults_room_hallway, nicolae_vaults_stepped_doors,
          nicolae_vaults_storage_closets_2, nicolae_vaults_house_1,
          layout_vaults_omnicross, serial_shops, nicolae_shop_real_fake_doors,
          nicolae_shop_tiny_real_fake_doors, nicolae_shop_just_a_little_nook,
          shop_fountains, uniq_margery
Vaults:5
Depths:1: layout_gridlike, hellmouth_3, rand_demon_pan_entry_3,
          nicolae_twisty_statue_hallways, mu_enter_wizlab_7, minmay_orc_keep,
          minmay_shop_grove
Depths:2: minmay_outward_triangles, layout_gridlike, hellmouth_1,
          grunt_decor_cap, grunt_pan_entry_zigzag, abyss_entry,
          minmay_staircase_statues_hall_large, grunt_megastairs_3
Depths:3: kennysheep_gozag_temple, layout_honeycomb, enter_ziggurat_c,
          minmay_staircase_statues_hall_small, hell_entry, abyss_entry,
          argonaut_fire_from_heaven, minmay_shoptagon, uniq_frederick
Depths:4: grunt_twist_and_shout, layout_basic, grunt_mini_vestibule,
          abyss_entry, minmay_misc_feat_encased, guppyfry_shop_venom,
          uniq_josephina
